 Dungeon Crawl Stone Soup version 0.28.0-53-g5a82cb258f (webtiles) character file.

Game seed: 12123092582610259044

67 Zeld the Gusty (level 4, -2/21 (24) HPs)
             Began as a Tengu Air Elementalist on May 28, 2022.
             Slain by a necrophage (3 damage)
             ... on level 3 of the Dungeon.
             The game lasted 00:03:44 (4162 turns).

Zeld the Gusty (Tengu Air Elementalist)             Turns: 4162, Time: 00:03:45

HP:   -2/21 (24)    AC:  2    Str:  8    XL:     4   Next: 18%
MP:   1/9           EV: 12    Int: 17    God:
Gold: 70            SH:  0    Dex: 15    Spells: 3/9 levels left

rFire   . . .      SeeInvis .   (no weapon)
rCold   . . .      Faith    .   (no shield)
rNeg    . . .      Spirit   .   a - +0 robe
rPois   .          Reflect  .   (helmet restricted)
rElec   .          Harm     .   (no cloak)
rCorr   .          Rampage  .   (no gloves)
Will    .....                   (boots unavailable)
Stlth   ++........              (no amulet)
HPRegen 0.07/turn               (no ring)
MPRegen 0.11/turn               (no ring)

@: heavily drained
A: beak, talons 3
a: no special abilities


You were on level 3 of the Dungeon.
You visited 1 branch of the dungeon, and saw 3 of its levels.

You collected 175 gold pieces.
You spent 105 gold pieces at shops.

Inventory:

Armour
 a - a +0 robe (worn)
Scrolls
 c - 2 scrolls of identify {unknown}
 d - a scroll of holy word
 g - a scroll of amnesia {unknown}
 h - a scroll of vulnerability {unknown}
Potions
 b - 3 potions of haste {unknown}
 e - a potion of curing
 f - a potion of degeneration {unknown}
 i - a potion of flight {unknown}


   Skills:
 - Level 2.1 Dodging
 - Level 2.0 Stealth
 * Level 3.0 Spellcasting
 + Level 2.5 Conjurations
 * Level 5.1 Air Magic


You had 3 spell levels left.
You knew the following spells:

 Your Spells              Type           Power      Damage    Failure   Level
a - Shock                 Conj/Air       60%        1d6       3%          1
b - Static Discharge      Conj/Air       15%        N/A       5%          2
c - Swiftness             Air            20%        N/A       6%          3

Your spell library contained the following spells:

 Spells                   Type           Power      Damage    Failure   Level
 Airstrike                Air            10%        N/A       22%         4


Dungeon Overview and Level Annotations

Branches:
Dungeon (3/15)

Altars:

Shops:
D:1 (=[   D:2 **


Innate Abilities, Weirdness & Mutations

You have a beak for a mouth.
You have claws for feet.


Message History

Casting: Shock (safe; 3% risk of failure)
Confirm with . or Enter, or press ? or * to list all spells.
Aiming: Shock (safe; 3% risk of failure)
Press: ? - help, Shift-Dir - straight line, f/p - necrophage
Aim: a necrophage (heavily damaged, 71% to hit)
The zap hits the necrophage but does no damage.
The necrophage is heavily damaged.
The zap hits the orc but does no damage.
The orc is severely wounded.
The necrophage completely misses you.
Casting: Shock (safe; 3% risk of failure)
Confirm with . or Enter, or press ? or * to list all spells.
Aiming: Shock (safe; 3% risk of failure)
Press: ? - help, Shift-Dir - straight line, f/p - necrophage
Aim: a necrophage (heavily damaged, 71% to hit)
The zap hits the necrophage.
The necrophage is severely damaged.
The zap hits the orc.
You kill the orc!
The necrophage hits you.
Casting: Shock (safe; 3% risk of failure)
Confirm with . or Enter, or press ? or * to list all spells.
Aiming: Shock (safe; 3% risk of failure)
Press: ? - help, Shift-Dir - straight line, f/p - necrophage
Aim: a necrophage (severely damaged, 71% to hit)
The zap hits the necrophage.
The necrophage is almost destroyed.
The necrophage hits you.
* * * LOW HITPOINT WARNING * * *
You feel drained.
* * * LOW HITPOINT WARNING * * *
Casting: Shock (safe; 3% risk of failure)
Confirm with . or Enter, or press ? or * to list all spells.
Aiming: Shock (safe; 3% risk of failure)
Press: ? - help, Shift-Dir - straight line, f/p - necrophage
Aim: a necrophage (almost destroyed, 71% to hit)
The zap hits the necrophage.
The necrophage is almost destroyed.
The necrophage hits you.
You die...

....# . #.# ....#
#.# ##### #.# # #.#
############# #.#
n..##... ..# #.#
##.##.#####.# #.#
....o....##.#####.#
##.##.##.....).n@.#
...##.#####.#######
#####.#####.#
#.......# #########


You could see a necrophage.

Vanquished Creatures
  An adder (D:2)
  2 worms
  2 dart slugs (D:3)
  2 orcs (D:3)
  6 ball pythons
  3 endoplasms (D:1)
  4 giant cockroaches
  5 goblins
  4 hobgoblins
  5 kobolds
  2 quokkas
  6 bats
  2 rats
44 creatures vanquished.

Notes
Turn   | Place    | Note
-------+----------+-------------------------------------------
     0 | D:1      | Zeld the Tengu Air Elementalist began the quest for the
                  | Orb.
     0 | D:1      | Reached XP level 1. HP: 10/10 MP: 4/4
     3 | D:1      | Found Sidun's Weapon Boutique.
    64 | D:1      | Found Furyevud's Jewellery Boutique.
   165 | D:1      | Found Tusaer's Antique Armour Boutique.
   167 | D:1      | You fall into a shaft and drop 1 floor!
   174 | D:2      | Found a faded altar of an unknown god.
   206 | D:1      | Reached XP level 2. HP: 15/15 MP: 3/6
   241 | D:1      | Learned a level 2 spell: Static Discharge
   799 | D:1      | Reached XP level 3. HP: 19/19 MP: 7/7
   803 | D:1      | Learned a level 3 spell: Swiftness
  1065 | D:2      | Found Roixitylesk's General Store.
  1073 | D:2      | Bought a scroll of holy word for 75 gold pieces
  1073 | D:2      | Bought a potion of curing for 30 gold pieces
  1335 | D:2      | Found Xory's Assorted Antiques.
  2487 | D:3      | Noticed an ice beast
  2857 | D:3      | Noticed a necrophage
  3208 | D:3      | Reached skill level 5 in Air Magic
  3361 | D:3      | Reached XP level 4. HP: 18/22 MP: 6/9
  4161 | D:3      | HP: 1/21 [necrophage (2)]
  4162 | D:3      | Slain by a necrophage

Illustrated notes

Levels and vault maps discovered:
D:1:      dpeg_arrival_houses_and_road, layout_loops_ring, serial_shops,
          nicolae_shop_bloodbath_and_beyond, nicolae_shop_trees, shop_coins,
          kennysheep_nondescript, kennysheep_pointless_box,
          serial_park_tiny_pond
D:2:      cheibrodos_helix_gallery, layout_loops_corners, serial_shops,
          nicolae_shop_temple_entry_statues_fountains, shop_statue,
          ebering_ecumenical_altar_webs, minmay_crystal_room,
          minmay_misc_feat_room
D:3:      layout_loops_cross, uniq_natasha

Skill      XL: |  1  2  3  4 |
---------------+-------------+-----
Conjurations   | 2 |  2.5
Air Magic      | 5 |  5.1
Spellcasting   | 3 |  3.0
Dodging        | |  2.1
Stealth        | |  2.0

Action                   |  1- 3 |  4- 6 || total
-------------------------+-------+-------++-------
Melee: Unarmed           |    12 |     3 ||    15
       Kick              |     7 |     1 ||     8
       Peck              |     1 |     1 ||     2
 Cast: Shock             |    59 |    14 ||    73
       Static Discharge  |    13 |     6 ||    19
       Swiftness         |     2 |     1 ||     3
 Stab: Sleeping          |     2 |       ||     2
Armor: Robe              |     4 |     2 ||     6
Dodge: Dodged            |    29 |     8 ||    37
